Map: Sequencer LE

Players

Probe - Winner!

  • Race: Protoss Protoss
  • Spawn Location: 1:00

Neeb

  • Race: Protoss Protoss
  • Spawn Location: 7:00

Event: WCS Valencia 2017

VOD

Have the link to the VOD?

Description

Time

  • Played on: July 14, 2017, 12:49 p.m.
  • Length: 15:23

All games in this series

Show
View Real Time Build Order
Export as new Build Order

Probe Protoss - Winner!

Build Orders:  

Get SALT Encoding   

  12  0:00  Probe (Chrono Boost)  
  13  0:11  Probe (Chrono Boost)  
  14  0:18  Pylon  
  14  0:22  Probe (Chrono Boost)  
  15  0:36  Probe (Chrono Boost), Gateway  
  16  0:47  Probe (Chrono Boost), Assimilator  
  17  0:53  Assimilator  
  17  0:57  Probe (Chrono Boost)  
  18  1:05  Gateway  
  18  1:08  Probe (Chrono Boost)  
  20  1:18  Probe (Chrono Boost)  
  20  1:23  Cybernetics Core  
  20  1:29  Probe (Chrono Boost)  
  21  1:33  Pylon  
  21  1:39  Probe (Chrono Boost)  
  22  1:50  Probe (Chrono Boost)  
  23  2:00  Probe (Chrono Boost), Stalker x2  
  28  2:03  Warp Gate (Chrono Boost)  
  28  2:12  Mothership Core  
  30  2:17  Pylon  
  30  2:33  Probe  
  30  2:35  Stalker x2  
  35  2:45  Probe  
  36  2:58  Probe  
  37  3:06  Nexus  
  36  3:14  Pylon  
  36  3:15  Probe  
  37  3:28  Robotics Facility  
  37  3:31  Probe  
  38  3:43  Probe (Chrono Boost)  
  39  3:50  Pylon  
  39  3:53  Sentry x2  
  39  3:55  Probe (Chrono Boost)  
  44  3:58  Twilight Council  
  44  4:09  Probe (Chrono Boost)  
  45  4:17  Robotics Bay  
  45  4:19  Probe (Chrono Boost)  
  45  4:20  Probe (Chrono Boost)  
  47  4:28  Probe  
  47  4:30  Probe  
  49  4:33  Observer (Chrono Boost)  
  50  4:39  Probe  
  50  4:41  Assimilator  
  50  4:43  Probe  
  52  4:49  Probe  
  52  4:50  Warp Prism (Chrono Boost)  
  52  4:51  Phoenix  
  55  4:55  Probe  
  55  4:57  Assimilator  
  56  5:00  Probe  
  56  5:01  Pylon  
  57  5:07  Probe  
  57  5:13  Gravitic Drive (Chrono Boost)  
  58  5:15  Probe  
  58  5:17  Disruptor  
  58  5:19  Probe  
  60  5:27  Probe  
  64  5:31  Probe  
  65  5:38  Nexus  
  65  5:39  Probe, Pylon  
  65  5:42  Stalker x2  
  70  5:48  Disruptor  
  70  5:55  Blink (Chrono Boost)  
  73  5:59  Probe x2  
  75  6:11  Probe x2  
  77  6:14  Gateway  
  77  6:15  Gateway  
  77  6:16  Gateway  
  77  6:22  Disruptor  
  77  6:23  Probe x2  
  82  6:35  Probe x2  
  84  6:41  Gateway  
  84  6:43  Pylon, Gateway  
  84  6:48  Probe x2  
  84  6:49  Probe  
  84  6:52  Sentry  
  84  6:53  Sentry, Disruptor  
  91  7:00  Probe x2  
  96  7:13  Pylon  
  96  7:16  Stalker x3  
  96  7:17  Pylon x2  
  96  7:19  Robotics Facility  
  96  7:21  Probe x2  
  96  7:22  Assimilator  
  104  7:23  Assimilator  
  104  7:26  Forge  
  107  7:37  Probe x2  
  107  7:43  Warp Prism  
  109  7:49  Stalker x2  
  109  7:50  Stalker x3  
  112  7:59  Probe x2  
  112  8:00  Stalker x2  
  112  8:04  Probe  
  117  8:07  Disruptor  
  117  8:11  Probe  
  120  8:13  Probe  
  120  8:14  Probe  
  120  8:18  Disruptor  
  122  8:21  Adept  
  122  8:26  Stalker  
  122  8:27  Stalker x2  
  131  8:33  Pylon  
  133  8:35  Pylon  
  133  8:51  Probe x2  
  133  8:53  Stalker x6  
  147  9:07  Pylon  
  147  9:09  Pylon  
  147  9:13  Protoss Ground Weapons Level 1 (Chrono Boost)  
  147  9:17  Pylon  
  147  9:19  Pylon  
  147  9:20  Disruptor  
  147  9:22  Nexus  
  147  9:25  Disruptor  
  147  9:26  Pylon  
  153  9:48  Stalker x3  
  153  9:49  Stalker x2  
  163  9:57  Photon Cannon  
  163  9:58  Stalker, Disruptor  
  163  9:59  Assimilator  
  168  10:03  Charge, Disruptor  
  171  10:12  Stalker x2  
  171  10:13  Stalker x2  
  179  10:25  Stalker  
  179  10:26  Stalker x2  
  185  10:29  Disruptor  
  188  10:36  Assimilator  
  188  10:42  Zealot x3  
  194  10:44  Zealot  
  196  10:53  Disruptor  
  199  10:58  Dark Shrine  
  199  10:59  Pylon  
  199  11:01  Pylon  
  189  11:14  Zealot x5  
  186  11:29  Zealot x2  
  181  11:32  Disruptor  
  181  11:35  Zealot x5  
  181  11:36  Probe  
  181  11:37  Disruptor  
  172  11:49  Zealot x2  
  158  12:03  Disruptor  
  154  12:08  Stalker  
  154  12:09  Stalker x4  
  154  12:13  Protoss Ground Weapons Level 2 (Chrono Boost), Disruptor  
  168  12:15  Stalker  
  168  12:16  Stalker  
  172  12:32  Stalker x5  
  180  12:40  Observer  
  181  12:49  Observer  
  180  12:57  Zealot x7  
  194  12:59  Observer  
  194  13:03  Stargate  
  195  13:10  Stargate  
  195  13:11  Observer  
  196  13:27  Nexus  
  196  13:30  Pylon  
  196  13:32  Dark Templar x2  
  174  13:54  Stalker x5  
  172  14:03  Disruptor  
  172  14:08  Disruptor  
  178  14:11  Oracle  
  178  14:16  Stalker  
  183  14:17  Stalker x2  
  187  14:28  Stalker x4  
  195  14:34  Gateway  
  195  14:37  Gateway  
  186  14:42  Zealot  
  186  14:43  Zealot x2  
  192  14:55  Fleet Beacon  
  192  14:59  Stargate  
  192  15:04  Photon Cannon  
  192  15:05  Assimilator  
  192  15:06  Photon Cannon  
  192  15:07  Assimilator  
  192  15:08  Photon Cannon  
  191  15:20  Stalker x4  
Show
View Real Time Build Order
Export as new Build Order

Neeb Protoss 

Build Orders: Oracle Opening 

Get SALT Encoding   

  12  0:00  Probe (Chrono Boost)  
  13  0:11  Probe (Chrono Boost)  
  14  0:17  Pylon  
  14  0:22  Probe (Chrono Boost)  
  15  0:35  Probe (Chrono Boost)  
  16  0:36  Gateway  
  16  0:44  Assimilator  
  16  0:45  Probe (Chrono Boost)  
  17  0:54  Assimilator  
  17  0:56  Probe (Chrono Boost)  
  18  1:05  Gateway  
  18  1:07  Probe (Chrono Boost)  
  19  1:17  Probe (Chrono Boost)  
  20  1:23  Cybernetics Core  
  20  1:28  Probe (Chrono Boost)  
  21  1:34  Pylon  
  21  1:39  Probe (Chrono Boost)  
  22  1:49  Probe (Chrono Boost)  
  23  1:59  Sentry, Warp Gate (Chrono Boost)  
  23  2:00  Probe (Chrono Boost), Stalker  
  28  2:13  Mothership Core (Chrono Boost)  
  30  2:18  Pylon  
  30  2:36  Stalker x2  
  34  2:53  Oracle  
  34  2:55  Nexus  
  34  2:58  Probe  
  35  3:07  Sentry  
  35  3:11  Probe, Pylon  
  38  3:23  Robotics Facility  
  38  3:27  Probe (Chrono Boost)  
  39  3:39  Probe (Chrono Boost)  
  40  3:49  Twilight Council  
  40  3:50  Probe (Chrono Boost)  
  41  4:01  Probe (Chrono Boost)  
  42  4:08  Probe (Chrono Boost)  
  43  4:11  Probe (Chrono Boost)  
  43  4:13  Observer  
  45  4:18  Blink (Chrono Boost)  
  45  4:19  Probe (Chrono Boost)  
  45  4:22  Probe (Chrono Boost)  
  47  4:28  Probe  
  47  4:30  Sentry  
  50  4:33  Probe  
  50  4:34  Nexus  
  51  4:38  Probe  
  51  4:40  Pylon  
  51  4:45  Probe  
  53  4:49  Gateway  
  53  4:50  Probe  
  54  4:55  Gateway  
  54  4:57  Sentry  
  54  4:58  Probe  
  57  5:00  Probe  
  58  5:10  Pylon  
  58  5:11  Probe x2  
  60  5:16  Assimilator  
  60  5:17  Assimilator  
  60  5:23  Probe x2  
  60  5:25  Immortal (Chrono Boost)  
  66  5:35  Probe x2, Gateway  
  68  5:42  Stalker x2  
  70  5:45  Probe  
  70  5:47  Probe  
  70  5:49  Probe  
  75  5:54  Forge  
  75  5:59  Probe  
  75  6:01  Probe  
  75  6:02  Stalker  
  80  6:10  Stalker, Gateway  
  81  6:13  Stalker  
  81  6:15  Probe x2  
  81  6:16  Probe  
  82  6:27  Probe x2  
  82  6:28  Probe  
  82  6:30  Stalker x2  
  93  6:40  Protoss Ground Weapons Level 1 (Chrono Boost)  
  93  6:42  Probe x2  
  93  6:43  Pylon, Probe  
  93  6:44  Pylon  
  92  6:51  Gateway  
  92  6:54  Gateway  
  92  6:57  Pylon  
  92  7:00  Pylon  
  96  7:02  Immortal (Chrono Boost)  
  96  7:04  Pylon  
  96  7:05  Probe  
  96  7:06  Probe x2  
  96  7:07  Assimilator  
  99  7:11  Assimilator  
  99  7:13  Adept x2  
  103  7:19  Probe  
  103  7:20  Probe  
  103  7:21  Probe  
  106  7:23  Stalker x2  
  106  7:29  Stalker x2  
  114  7:35  Stalker x2  
  118  7:40  Pylon  
  112  7:45  Probe x3  
  115  7:55  Immortal (Chrono Boost)  
  115  7:57  Probe x2  
  115  7:58  Probe  
  122  8:08  Probe  
  122  8:09  Probe  
  122  8:10  Charge, Probe  
  122  8:12  Nexus  
  121  8:18  Stargate  
  121  8:20  Probe  
  121  8:21  Protoss Ground Weapons Level 2, Stargate  
  122  8:30  Immortal (Chrono Boost)  
  126  8:35  Pylon  
  126  8:39  Pylon  
  126  8:44  Zealot x5, Pylon  
  126  8:47  Zealot x2  
  138  8:55  Stalker  
  140  8:58  Pylon  
  140  8:59  Pylon  
  140  9:04  Phoenix (Chrono Boost)  
  140  9:05  Phoenix (Chrono Boost)  
  144  9:12  Templar Archives  
  144  9:18  Zealot x3  
  144  9:19  Zealot x2  
  144  9:24  Phoenix (Chrono Boost)  
  154  9:25  Phoenix (Chrono Boost)  
  154  9:30  Probe x3  
  161  9:36  Immortal (Chrono Boost)  
  165  9:42  Photon Cannon, Assimilator  
  165  9:44  Phoenix  
  165  9:46  Assimilator  
  165  9:52  High Templar x4  
  173  9:53  High Templar x3  
  173  9:54  High Templar  
  183  10:04  Probe  
  183  10:05  Probe  
  183  10:06  Archon x4  
  185  10:09  Phoenix  
  185  10:10  Photon Cannon  
  185  10:11  Photon Cannon  
  185  10:12  Fleet Beacon  
  185  10:13  Phoenix  
  187  10:17  Protoss Ground Weapons Level 3  
  187  10:21  Pylon  
  187  10:30  Zealot x4  
  199  11:12  Photon Cannon x2  
  199  11:17  Photon Cannon  
  199  11:18  Photon Cannon  
  199  11:20  Dark Shrine  
  199  11:21  Nexus  
  155  11:29  Zealot x8  
  157  11:39  Probe  
  153  11:41  Probe  
  145  11:50  Probe  
  145  11:51  Immortal (Chrono Boost)  
  145  11:52  Zealot x5  
  145  11:53  Probe  
  138  12:04  Stalker x3  
  140  12:09  Probe  
  140  12:11  Probe x3  
  140  12:14  Pylon  
  144  12:19  Probe  
  144  12:20  Assimilator  
  145  12:23  Probe x2  
  145  12:24  Stargate, Assimilator  
  145  12:25  Sentry x2, Immortal (Chrono Boost), High Templar x3  
  161  12:30  Archon  
  161  12:31  High Templar  
  161  12:36  Phoenix, Archon  
  164  12:48  Protoss Shields Level 1  
  164  12:50  High Templar x2  
  164  12:51  High Templar x2  
  170  12:54  Robotics Facility  
  170  12:55  Archon x2  
  170  12:58  Phoenix  
  174  12:59  Immortal (Chrono Boost)  
  174  13:00  Pylon  
  176  13:08  Photon Cannon  
  176  13:09  Phoenix  
  178  13:12  High Templar  
  178  13:13  High Templar x3  
  178  13:17  Archon x2  
  178  13:18  Photon Cannon  
  186  13:20  Photon Cannon  
  186  13:28  Zealot x4  
  186  13:33  Pylon, Immortal (Chrono Boost)  
  158  13:45  Zealot x4  
  137  13:51  Probe  
  137  13:52  Probe  
  137  13:54  High Templar x4  
  142  13:55  Phoenix  
  142  13:59  Immortal (Chrono Boost), Phoenix  
  142  14:02  Archon x2  
  140  14:07  Immortal (Chrono Boost)  
  140  14:10  Photon Cannon  
  140  14:12  Photon Cannon  
  140  14:14  Zealot, High Templar x2  
  140  14:15  Zealot  
  137  14:20  Archon  
  133  14:29  Dark Templar  
  133  14:30  Zealot x2, Dark Templar  
  141  14:37  Zealot x2, Probe  
  129  14:39  Probe  
  129  14:41  Immortal (Chrono Boost)  
  129  14:44  Archon  
  135  14:55  Nexus  
  135  14:58  Sentry  
  141  15:09  Zealot x2  
Tags
 
Add a new tag
Caveats
  • Supply blocks, unpowered buildings, or Contaminate may cause inaccurate times.
  • Supply counts are checked every 10 seconds.